[Event "*** Titled Tuesday Blitz AM"]
[Site "Chess.com"]
[Date "2020.01.07"]
[Round "1"]
[White "Cruel_Yaro"]
[Black "MFBerna"]
[Result "0-1"]
[WhiteElo "2811"]
[BlackElo "2457"]
[TimeControl "180+2"]
[EndTime "9:12:14 PST"]
[Termination "MFBerna won on time"]

1. e4 c6 2. d4 d5 3. e5 Bf5 4.
Nf3 e6 5. Be2 Nd7 6. O-O h6 7.
c3 Ne7 8. Na3 a6 9. Nc2 c5 10.
dxc5 Nxc5 11. Ncd4 Be4 12. Be3 Nf5 13. Nxf5 Bxf5 14. Nd4 Bg6 15. f4 Be4 16. f5 exf5 17.
Nxf5 Ne6 18. b4 Qc7 19. Qa4+ Qd7 20. Qa5 g6 21. Nd4 Bg7 22. Bb5 axb5 23. Qxa8+ Ke7 24. Qa7 Bxe5 25. Nxe6 Qxe6 26. Qxb7+ Kf8 27. Bd4 Bxd4+ 28. cxd4 Kg7 29. Qxb5 Qg4 30. g3 Rc8 31. Rf4 Qh3 32. Qf1 Qe6 33. Rf2 h5 34. Re1 h4 35. Rf4 hxg3 36. hxg3 Rc3 37. Kh2 g5 38. Rf2 Qh6+ 39. Qh3 Qg6 40. Ref1 g4 41. Rxf7+ Qxf7 42. Rxf7+ Kxf7 43.
Qxg4 Rc2+ 44. Kh3 Rxa2 45. Qf4+ Ke6 46. Qe5+ Kd7 47. b5 Ra8 48. Qg7+ Kc8 49. Qf8+ Kb7 50. Qd6 Rc8 51. Qa6+ Kc7 52. b6+ Kd7 53. b7 Rh8+ 54.
Kg4 Rg8+ 55. Kf4 Rf8+ 56. Ke3 Kc7 57. Qa7 Rb8 58. g4 Rxb7 59. Qc5+ Kd8 60. Qf8+ Kc7 61. Kf4 Rb8 62. Qe7+ Kb6 63. Qd6+ Kb7 64. g5 Rc8 65. Qd7+ Rc7 66. Qb5+ Ka7 67. Ke5 Re7+ 68. Kd6 Rg7 69. Qa5+ Kb7 70. Qb4+ Ka7 71. Qd2 Rg6+ 72. Kc5 Kb7 73.
Qf4 Kc8 74. Qf8+ Kd7 75. Qf7+ Kd8 76. Qf4 Ke7 77. Qe5+ Kf8 78. Kb4 Kf7 79. Kc3 Kf8 80. Kd2 Kf7 81. Ke3 Re6 82. Qc7+ Re7 83. Qf4+ Ke8 84.
Qf6 Bb1+ 85. Kf4 Rf7 86. Ke5 Rxf6 87. gxf6 Be4 88. Ke6 Kf8 89. f7 Bf3 90. Kf6 Bh5 0-1

[Event "*** Titled Tuesday Blitz AM"]
[Site "Chess.com"]
[Date "2020.01.07"]
[Round "1"]
[White "djamir"]
[Black "MishkaFighter"]
[Result "1-0"]
[WhiteElo "2741"]
[BlackElo "2380"]
[TimeControl "180+2"]
[EndTime "9:12:25 PST"]
[Termination "djamir won by resignation"]

1. d4 Nf6 2. Bf4 g6 3. e3 Bg7 4.
Nf3 O-O 5. h3 c5 6. c3 Qb6 7.
Qb3 d6 8. Nbd2 cxd4 9. exd4 Qc7 10. Be2 Nc6 11. O-O Re8 12. Rfe1 e5 13. dxe5 dxe5 14.
Bh2 Be6 15. Qa4 Rad8 16. Bc4 Nd5 17. Bb5 Nf4 18. Bxf4 exf4 19. Bxc6 bxc6 20. Ne4 Bd5 21. Rad1 h6 22. Ned2 g5 23. Nd4 Rxe1+ 24. Rxe1 Qb6 25.
N2b3 Bxd4 26. Qxd4 Qxd4 27. Nxd4 c5 28. Nf5 Bxa2 29. Ra1 Be6 30. Nxh6+ Kg7 31. Ng4 Rd2 32. b4 c4 33. Rxa7 Rb2 34. Ra1 Rc2 35.
Ra3 Rb2 36. Ra1 Bf5 37. Ne5 Be6 38. Nf3 Kf6 39. Nd4 Bd5 40. Ra6+ Ke5 41. Ra1 Ke4 42.
Rd1 Bb7 43. Nf3 f6 44. Rd4+ Kf5 45. Rxc4 Be4 46. Rc5+ Kg6 47. Rc4 f5 48. Rd4 Ba8 49.
Rd6+ Kh5 50. Rd8 Be4 51. Rh8+ Kg6 52. Rg8+ Kf6 53. Nxg5 Bd5 54. Nh7+ Ke5 55. Re8+ Kd6 56. Rd8+ Kc6 57. Nf6 Be6 58. Rd4 f3 59. gxf3 Rc2 60. Rd3 Bc4 61. Re3 f4 62. Re4 Rc1+ 63. Kh2 Rxc3 64.
Rxf4 Be6 65. Kg3 Rc1 66. h4 Rg1+ 67. Kh2 Rf1 68. Kg2 Rb1 69. h5 Ra1 70. h6 Ra8 71.
Kg3 Kd6 72. Kh4 Ke5 73. Kg5 Ra1 74. Re4+ Kd6 75. h7 Rg1+ 76. Rg4 Bxg4 77. fxg4 Rh1 78.
Nh5 Rxh5+ 79. gxh5 1-0

[Event "*** Titled Tuesday Blitz AM"]
[Site "Chess.com"]
[Date "2020.01.07"]
[Round "1"]
[White "Doraemon7"]
[Black "SergeyShtyka"]
[Result "0-1"]
[WhiteElo "2520"]
[BlackElo "2086"]
[TimeControl "180+2"]
[EndTime "9:13:41 PST"]
[Termination "SergeyShtyka won by resignation"]

1. c4 c5 2. Nf3 Nc6 3. Nc3 g6 4.
e3 Bg7 5. d4 cxd4 6. exd4 d6 7.
d5 Ne5 8. Nxe5 Bxe5 9. Bd3 Bg7 10. O-O Nf6 11. Re1 O-O 12. h3 a6 13. a4 Bd7 14.
Bg5 Re8 15. Qd2 Qc7 16. a5 Qc8 17. b4 Bf5 18. Na4 Bxd3 19. Qxd3 Qf5 20. Qxf5 gxf5 21. Bxf6 Bxf6 22. Rac1 Rad8 23. Re2 e5 24. g4 e4 25. gxf5 Re5 26. Rce1 Rde8 27. Nc3 e3 28. fxe3 Rxf5 29. Na4 Re4 30. Nb6 Bc3 31. Rb1 Rf3 32. Kg2 Rf5 33. c5 dxc5 34. bxc5 Bxa5 35. d6 Rxc5 36. Rd2 Re8 37.
d7 Rd8 38. Rd3 Bxb6 39. Rxb6 Rc7 40. Rbd6 Kf8 41. R6d4 Ke7 42. Re4+ Kf8 43. Red4 b5 44. Kf3 a5 45. Rd5 Rb7 46. Ke2 Ke7 47. Re5+ Kf8 48. Red5 a4 49. Kd2 b4 50. Kc2 b3+ 51. Kb2 Ke7 52. Re5+ Kf6 53. Red5 Ke6 54. Rd6+ Ke7 55. R6d4 Rbxd7 56. Re4+ Kf8 57. Rxd7 Rxd7 58. Rxa4 Rd3 59. Rh4 Kg7 60. Rg4+ Kf6 61. Rh4 Kg6 62. Rg4+ Kf6 63. Rf4+ Ke6 64. Re4+ Kf5 65. Rf4+ Ke6 66. Re4+ Kd5 67.
Re7 f5 68. h4 h5 69. Kc1 Kc4 70. Rc7+ Kb4 71. Rb7+ Kc4 72. Rc7+ Kd5 73. Re7 Kd6 74.
Re8 Rc3+ 75. Kb2 Rc2+ 76. Kxb3 Rh2 77. Rf8 Ke5 78. Re8+ Kd5 79. Kc3 Rxh4 80. Kd3 Ra4 81. Ke2 h4 82. Kf3 Rb4 83. Re7 Kd6 84. Re8 Rb1 85. Kf4 Rf1+ 86. Kg5 h3 87. Rh8 Rf3 88.
e4 fxe4 89. Kg4 Ke5 90. Rd8 h2 91. Rh8 Rf2 92. Kg3 Rf3+ 93. Kxh2 Kf4 94. Kg2 Ke3 95.
Ra8 Rf2+ 96. Kg1 Rd2 97. Rh8 Rd1+ 98. Kg2 Ke2 99. Ra8 e3 100. Ra3 Rd2 101. Kg1 Rd6 102. Ra2+ Kf3 103. Ra3 Rd1+ 104. Kh2 Kf2 105. Ra7 e2 106. Rf7+ Ke3 107. Re7+ Kd3 0-1

[Event "*** Titled Tuesday Blitz AM"]
[Site "Chess.com"]
[Date "2020.01.07"]
[Round "1"]
[White "tigra"]
[Black "Redbandit87"]
[Result "1-0"]
[WhiteElo "2727"]
[BlackElo "2370"]
[TimeControl "180+2"]
[EndTime "9:14:30 PST"]
[Termination "tigra won by checkmate"]

1. e4 e5 2. Nf3 Nc6 3. Bc4 Nf6 4.
d3 Bc5 5. c3 d6 6. Nbd2 a6 7. Bb3 Ba7 8. Nf1 O-O 9. Ng3 h6 10.
O-O Be6 11. h3 Ne7 12. d4 Bxb3 13. Qxb3 exd4 14. cxd4 Qd7 15. Re1 Qb5 16. Qc2 Qc6 17. Qc3 Qxc3 18. bxc3 Nc6 19. Nd2 Rfe8 20. Bb2 Na5 21.
f4 c5 22. Rac1 Rac8 23. Kf1 b5 24. Nf5 Rcd8 25. c4 cxd4 26. cxb5 axb5 27. Bxd4 Bxd4 28. Nxd4 Nc4 29. Nxc4 bxc4 30. Nc6 Ra8 31. Rxc4 Rxa2 32. e5 dxe5 33. fxe5 Nh5 34. Nb4 Rd2 35. Rc2 Ng3+ 36.
Kg1 Rxc2 37. Nxc2 f6 38. e6 Nf5 39. g4 Nd6 40. Nd4 Nc8 41. Kf2 Ne7 42. Kf3 Rd8 43. Ke4 g6 44. Rc1 Kg7 45. Rc7 Re8 46. h4 Kf8 47. h5 gxh5 48. gxh5 Ra8 49. Rb7 Ra5 50. Rb8+ Kg7 51. Rb7 Re5+ 52. Kd3 Kf8 53. Rb8+ Kg7 54. Re8 Nd5 55. Kc4 Nf4 56. Re7+ Kg8 57. Re8+ Kg7 58.
Kc3 Nxh5 59. Re7+ Kg8 60. Rd7 Ng7 61. e7 h5 62. Nc6 Re6 63. Rd8+ Kf7 64. Rc8 Rxe7 65.
Nxe7 Kxe7 66. Kd4 Ke6 67. Ke4 h4 68. Rc6+ Kf7 69. Kf4 Kg6 70. Kg4 Nf5 71. Re6 Nd4 72. Re1 Nf5 73. Rg1 Nd4 74. Kf4+ Kf7 75. Rh1 Ke6 76.
Rxh4 Nc6 77. Rh1 Ne5 78. Re1 Kf7 79. Kf5 Ng6 80. Rd1 Ne7+ 81. Kf4 Ke6 82. Re1+ Kf7 83. Ra1 Ke6 84. Ra6+ Kf7 85. Ke4 Kg6 86. Ra7 Nf5 87. Kd5 Ng7 88. Kd6 Nf5+ 89. Kd7 Ng7 90. Ra6 Kg5 91.
Ke7 f5 92. Kf7 Nh5 93. Rg6+ Kf4 94. Rg1 Ng3 95. Kf6 Kg4 96. Ke5 f4 97. Kd4 f3 98. Ke3 Kh4 99. Kxf3 Nh5 100. Rg6 Kh3 101. Rg2 Kh4 102. Rg1 Nf6 103. Rg3 Nh5 104. Rg6 Kh3 105. Ke3 Kh4 106. Ke4 Kh3 107. Kf5 Ng3+ 108. Kf4 Nh5+ 109. Kg5 Ng3 110. Re6 Kg2 111. Kg4 Nf1 112. Re2+ Kg1 113. Kh3 Kh1 114. Rg2 Ne3 115. Rg6 Nf1 116. Rg7 Ne3 117. Rg8 Nf1 118. Rg5 Ne3 119. Kg3 Nd1 120. Re5 Kg1 121. Re1# 1-0

[Event "*** Titled Tuesday Blitz AM"]
[Site "Chess.com"]
[Date "2020.01.07"]
[Round "2"]
[White "Iyael"]
[Black "NewBornNow"]
[Result "0-1"]
[WhiteElo "2079"]
[BlackElo "2701"]
[TimeControl "180+2"]
[EndTime "9:16:13 PST"]
[Termination "NewBornNow won by resignation"]

1. e4 d6 2. d4 Nf6 3. Nc3 e5 4. dxe5 dxe5 5. Qxd8+ Kxd8 6. Bg5 Be6 7. O-O-O+ Nd7 8. f4 exf4 9. Nf3 Kc8 10. Bxf4 Ng4 11. Bg3 Bc5 12. h3 Nf2 13. Bxf2 Bxf2 14. Ng5 Be3+ 0-1

[Event "*** Titled Tuesday Blitz AM"]
[Site "Chess.com"]
[Date "2020.01.07"]
[Round "2"]
[White "severomorskij"]
[Black "FearlessKing64"]
[Result "1-0"]
[WhiteElo "2875"]
[BlackElo "2394"]
[TimeControl "180+2"]
[EndTime "9:16:32 PST"]
[Termination "severomorskij won by resignation"]

1. d4 Nf6 2. c4 g6 3. Nc3 d5 4. Bg5 Ne4 5. Bh4 Nxc3 6. bxc3 c5 7. e3 Bg7 8. Nf3 cxd4 9. cxd4 Nc6 10. Be2 O-O 11.
O-O e5 12. Bxd8 1-0

[Event "*** Titled Tuesday Blitz AM"]
[Site "Chess.com"]
[Date "2020.01.07"]
[Round "2"]
[White "WildTricks"]
[Black "ferdipy"]
[Result "1-0"]
[WhiteElo "2506"]
[BlackElo "2246"]
[TimeControl "180+2"]
[EndTime "9:17:06 PST"]
[Termination "WildTricks won by resignation"]

1. Nf3 Nf6 2. g3 e6 3. Bg2 d5 4. O-O c6 5. c4 Be7 6. d4 O-O 7. Qc2 b6 8. Rd1 Bb7 9. b3 Na6 10.
Nc3 Rc8 11. e4 c5 12. exd5 exd5 13. Bb2 dxc4 14. d5 cxb3 15. axb3 Bd6 16. Nb5 Bb8 17. Ng5 g6 18. Qc3 Kg7 19. Ne4 1-0

[Event "*** Titled Tuesday Blitz AM"]
[Site "Chess.com"]
[Date "2020.01.07"]
[Round "2"]
[White "bascheyaro"]
[Black "Redbandit87"]
[Result "1-0"]
[WhiteElo "2690"]
[BlackElo "2368"]
[TimeControl "180+2"]
[EndTime "9:18:17 PST"]
[Termination "bascheyaro won by resignation"]

1. d4 d5 2. c4 e6 3. Nf3 Nf6 4. Nc3 Bb4 5. Bg5 dxc4 6. e3 b5 7. a4 c6 8. g3 Bb7 9. Bg2 Qc7 10. O-O Bxc3 11. bxc3 Ne4 12. Bf4 Qe7 13. Qc2 f5 14. Rfb1 a6 15. Nd2 Nxd2 16. Qxd2 O-O 17. e4 c5 18. axb5 axb5 19. Rxa8 Bxa8 20. Rxb5 Nd7 21. dxc5 e5 22. Bg5 Qe6 23. exf5 Qxf5 24. Bxa8 1-0

[Event "*** Titled Tuesday Blitz AM"]
[Site "Chess.com"]
[Date "2020.01.07"]
[Round "2"]
[White "IMRosen"]
[Black "VeraNebolsina"]
[Result "1-0"]
[WhiteElo "2578"]
[BlackElo "2332"]
[TimeControl "180+2"]
[EndTime "9:18:28 PST"]
[Termination "IMRosen won by resignation"]

1. d4 Nf6 2. Bf4 g6 3. Nc3 Bg7 4. e4 d6 5. Qd2 O-O 6. O-O-O a6 7. f3 b5 8. Bh6 b4 9. Nce2 c5 10. h4 Qa5 11. Kb1 Nbd7 12. h5 Nb6 13. Nc1 Be6 14. d5 Nbxd5 15. exd5 Bxd5 16. Bxg7 Kxg7 17. hxg6 fxg6 18.
Qh6+ Kg8 19. Rxd5 1-0

[Event "*** Titled Tuesday Blitz AM"]
[Site "Chess.com"]
[Date "2020.01.07"]
[Round "2"]
[White "Eliwood44"]
[Black "adriangschnitzer"]
[Result "0-1"]
[WhiteElo "2323"]
[BlackElo "2553"]
[TimeControl "180+2"]
[EndTime "9:19:08 PST"]
[Termination "adriangschnitzer won by resignation"]

1. d4 Nf6 2. Nf3 c5 3. d5 b5 4. c3 g6 5. e4 Nxe4 6. Bxb5 Bg7 7. O-O O-O 8. Re1 Nf6 9. c4 d6 10. Nc3 Bg4 11. h3 Bxf3 12. Qxf3 Nbd7 13. Bf4 Nh5 14.
Bh2 Ne5 15. Qd1 a6 16. Bxe5 Bxe5 17. Bc6 Rb8 18. Qc2 Qc7 19. Re2 Rb4 20. Ne4 Rxb2 21. Qxb2 Bxb2 22. Rxb2 Rb8 23. Rab1 Rxb2 24. Rxb2 Qa5 25.
Ng3 Nxg3 26. fxg3 Qc3 27. Rb8+ Kg7 28. Rb7 Kf6 0-1

[Event "*** Titled Tuesday Blitz AM"]
[Site "Chess.com"]
[Date "2020.01.07"]
[Round "2"]
[White "Bulldog167"]
[Black "gpeloui"]
[Result "1-0"]
[WhiteElo "2728"]
[BlackElo "2398"]
[TimeControl "180+2"]
[EndTime "9:19:19 PST"]
[Termination "Bulldog167 won by resignation"]

1. d4 Nf6 2. c4 e6 3. Nf3 d5 4.
Nc3 c5 5. Bg5 cxd4 6. Qxd4 Nc6 7. Bxf6 gxf6 8. Qh4 d4 9. O-O-O Be7 10. e3 f5 11. Qh5 Qa5 12. Nxd4 Nb4 13. a3 Na6 14. Ndb5 Bd7 15. Be2 Bxb5 16. Nxb5 Rc8 17. Kb1 Nc5 18.
Nd6+ Bxd6 19. Rxd6 Ne4 20. Rxe6+ Kf8 21. Rxe4 1-0

[Event "*** Titled Tuesday Blitz AM"]
[Site "Chess.com"]
[Date "2020.01.07"]
[Round "2"]
[White "mouseWLZ"]
[Black "Mr_Sinigami"]
[Result "1-0"]
[WhiteElo "2795"]
[BlackElo "2543"]
[TimeControl "180+2"]
[EndTime "9:19:28 PST"]
[Termination "mouseWLZ won by resignation"]

1. d4 Nf6 2. Bf4 g6 3. e3 Bg7 4. Nf3 O-O 5. Be2 d6 6. h3 b6 7. O-O c5 8. c4 Bb7 9. Nc3 cxd4 10. exd4 d5 11. Ne5 dxc4 12. Bxc4 Nc6 13. Nxc6 Bxc6 14. d5 Bb7 15. Re1 Rc8 16. Qb3 Ne8 17. Rad1 Nd6 18.
Bf1 a6 19. Be3 b5 20. a4 bxa4 21. Nxa4 Rb8 22. Ba7 Ra8 23. Bb6 Qe8 24. Nc5 Rb8 25. Bc7 Rc8 26. Bxd6 1-0

[Event "*** Titled Tuesday Blitz AM"]
[Site "Chess.com"]
[Date "2020.01.07"]
[Round "2"]
[White "PaulfromSPb"]
[Black "TBergh98"]
[Result "1-0"]
[WhiteElo "2683"]
[BlackElo "2362"]
[TimeControl "180+2"]
[EndTime "9:19:37 PST"]
[Termination "PaulfromSPb won by resignation"]

1. e4 Nf6 2. e5 Nd5 3. d4 d6 4. Nf3 dxe5 5. Nxe5 c6 6. c4 Nb4 7. Be3 Bf5 8. Na3 Nd7 9. Qb3 Qa5 10. Bd2 e6 11.
Nxd7 Kxd7 12. c5 Qc7 13. Qxb4 Be7 14. Nc4 Rhd8 15. Nd6 Bxd6 16. cxd6 Qxd6 17. Qxd6+ Kxd6 18. O-O-O Ke7 19. Bb4+ Ke8 20. Be2 Rac8 21. g4 Bg6 22. h4 h6 23. h5 Bh7 24. Rhg1 b6 25. g5 hxg5 26. Rxg5 c5 27. dxc5 a5 28. Ba3 bxc5 29. Rxg7 Bf5 30. Rg8+ Ke7 31. Rdxd8 Rxd8 1-0

[Event "*** Titled Tuesday Blitz AM"]
[Site "Chess.com"]
[Date "2020.01.07"]
[Round "2"]
[White "meoluoi91"]
[Black "FranciscodelaF"]
[Result "1-0"]
[WhiteElo "2613"]
[BlackElo "2350"]
[TimeControl "180+2"]
[EndTime "9:19:37 PST"]
[Termination "meoluoi91 won by resignation"]

1. d4 Nf6 2. Bf4 e6 3. e3 c5 4. Bd3 Nc6 5. c3 d5 6. Nd2 Bd6 7. Bg3 O-O 8. Ngf3 b6 9. Ne5 Bb7 10. f4 Ne7 11. Qb1 Qc7 12. Bh4 Ng6 13. Bf2 c4 14.
Bc2 b5 15. h4 Nd7 16. h5 Ngxe5 17. Bxh7+ Kh8 18. fxe5 Be7 19. Bc2 f5 20. Qd1 b4 21.
g4 bxc3 22. bxc3 Qa5 23. Nb1 Ba3 24. Nxa3 Qxa3 25. Qd2 Bc6 26. O-O Rab8 27. Bh4 Rb2 28. Rf2 Ba4 29. Qc1 fxg4 30. Rxf8+ Nxf8 31. Bxa4 1-0

[Event "*** Titled Tuesday Blitz AM"]
[Site "Chess.com"]
[Date "2020.01.07"]
[Round "2"]
[White "BestByTestbro"]
[Black "Quiet_Desperation"]
[Result "1-0"]
[WhiteElo "2183"]
[BlackElo "2443"]
[TimeControl "180+2"]
[EndTime "9:19:38 PST"]
[Termination "BestByTestbro won by resignation"]

1. e4 e6 2. d4 d5 3. Nc3 Nf6 4. e5 Nfd7 5. f4 c5 6. Nf3 Nc6 7. Be3 Be7 8. Qd2 a6 9. dxc5 Nxc5 10. O-O-O b5 11. g4 b4 12. Bxc5 bxc3 13. Qxc3 Bxc5 14.
Qxc5 Bd7 15. Kb1 Qe7 16. Qxe7+ Kxe7 17. Nd4 Nxd4 18. Rxd4 f6 19. exf6+ gxf6 20. c4 Bc6 21. Bg2 e5 22. Re1 Kd6 23. Rd2 Rhe8 24. Bxd5 Bxd5 25.
Rxd5+ Kc6 26. fxe5 fxe5 27. Rdxe5 1-0

[Event "*** Titled Tuesday Blitz AM"]
[Site "Chess.com"]
[Date "2020.01.07"]
[Round "2"]
[White "arminmusovic"]
[Black "Saitama_Hero"]
[Result "1/2-1/2"]
[WhiteElo "2516"]
[BlackElo "2303"]
[TimeControl "180+2"]
[EndTime "9:19:45 PST"]
[Termination "Game drawn by agreement"]

1. a3 c5 2. Nc3 Nc6 3. b4 cxb4 4.
axb4 Nxb4 5. Ba3 e6 6. e4 Be7 7.
e5 Nc6 8. Ne4 Nxe5 9. Nf3 Nxf3+ 10. Qxf3 d5 11. Nc5 a6 12. Qg3 Bf6 13. c3 Ne7 14. h4 O-O 15. Bd3 e5 16. h5 e4 17.
Be2 Nf5 18. Qh2 Re8 19. h6 g6 20. O-O Be5 21. Qh1 Qg5 22. Bc1 1/2-1/2

[Event "*** Titled Tuesday Blitz AM"]
[Site "Chess.com"]
[Date "2020.01.07"]
[Round "2"]
[White "StephenDedalus83"]
[Black "Daniel-2003"]
[Result "0-1"]
[WhiteElo "2702"]
[BlackElo "2335"]
[TimeControl "180+2"]
[EndTime "9:19:50 PST"]
[Termination "Daniel-2003 won by resignation"]

1. e4 c5 2. Nf3 e6 3. d4 cxd4 4. Nxd4 Nc6 5. Nc3 Nf6 6. Ndb5 d6 7. Bf4 e5 8. Bg5 a6 9. Na3 b5 10. Nd5 Be7 11. Bxf6 Bxf6 12. c3 O-O 13. Nc2 Rb8 14.
h4 Be7 15. g3 Be6 16. Nce3 Qd7 17. a4 Bd8 18. axb5 axb5 19. Ra6 Qc8 20. Qa1 b4 21. Bc4 Bxd5 22. Bxd5 Ne7 23. Nc4 Nxd5 24. Nxd6 Qc5 25. exd5 Bb6 26. Ne4 Qxd5 27. f3 Qd3 28. Qd1 Qxa6 0-1

[Event "*** Titled Tuesday Blitz AM"]
[Site "Chess.com"]
[Date "2020.01.07"]
[Round "2"]
[White "SmirnovAlexandrA"]
[Black "calemcc"]
[Result "0-1"]
[WhiteElo "2190"]
[BlackElo "2485"]
[TimeControl "180+2"]
[EndTime "9:19:50 PST"]
[Termination "calemcc won by resignation"]

1. e4 e6 2. d4 d5 3. Nc3 Nf6 4. e5 Nfd7 5. Nf3 c5 6. dxc5 Nc6 7. Bf4 Nxc5 8. Be2 Be7 9. h4 O-O 10. h5 f6 11. Qd2 fxe5 12. Nxe5 Bf6 13. Nxc6 bxc6 14.
Bg3 Qb6 15. Nd1 Ne4 16. Qd3 Bxb2 17. Nxb2 Qxb2 18. O-O a5 19. Rfb1 Qf6 20. Bf3 Ba6 21. Qe3 Nxg3 22. fxg3 Rab8 23. Re1 Rfe8 24. g4 e5 25. g5 Qd6 26. Be2 Bxe2 27. Qxe2 e4 28. Rad1 Qg3 29. c4 Qxg5 30. cxd5 cxd5 31. Qb5 Rxb5 0-1

[Event "*** Titled Tuesday Blitz AM"]
[Site "Chess.com"]
[Date "2020.01.07"]
[Round "2"]
[White "Saloni1299"]
[Black "FrogMist"]
[Result "0-1"]
[WhiteElo "2059"]
[BlackElo "2431"]
[TimeControl "180+2"]
[EndTime "9:20:02 PST"]
[Termination "FrogMist won by resignation"]

1. e4 e5 2. Nf3 Nc6 3. Bb5 a6 4. Ba4 Nf6 5. O-O Be7 6. Re1 b5 7. Bb3 O-O 8. c3 d5 9. exd5 Nxd5 10. Nxe5 Nxe5 11. Rxe5 c6 12. d3 Bd6 13. Re1 Bf5 14. Qf3 Qf6 15. Be3 Qg6 16. Bxd5 cxd5 17. Qxd5 Rad8 18. Qf3 Rfe8 19. Nd2 Bxd3 20. Bb6 Bxh2+ 21.
Kxh2 Qxb6 22. Re7 Rxe7 0-1

[Event "*** Titled Tuesday Blitz AM"]
[Site "Chess.com"]
[Date "2020.01.07"]
[Round "2"]
[White "temus_galaktionov"]
[Black "Ovsiannikov_Maxim"]
[Result "1-0"]
[WhiteElo "2737"]
[BlackElo "2430"]
[TimeControl "180+2"]
[EndTime "9:20:08 PST"]
[Termination "temus_galaktionov won by resignation"]

1. d4 d5 2. c4 Nc6 3. Nf3 Bg4 4. cxd5 Bxf3 5. dxc6 Bxc6 6. Nc3 e6 7. Bf4 Bb4 8. e3 Nf6 9. Qb3 Nd5 10. Be5 O-O 11.
Bd3 Qg5 12. O-O-O Bxc3 13. bxc3 f6 14. Bg3 Rfe8 15. h4 Qh6 16. c4 Nxe3 17. fxe3 Qxe3+ 18. Rd2 Kh8 19. Bc2 Qh6 20. Re1 Rad8 21. Qe3 Qh5 22. Bxc7 Rb8 23. Bxb8 1-0

[Event "*** Titled Tuesday Blitz AM"]
[Site "Chess.com"]
[Date "2020.01.07"]
[Round "2"]
[White "MikeSailer"]
[Black "lucasran"]
[Result "0-1"]
[WhiteElo "2114"]
[BlackElo "2703"]
[TimeControl "180+2"]
[EndTime "9:20:09 PST"]
[Termination "lucasran won by resignation"]

1. b4 e5 2. Bb2 Bxb4 3. Bxe5 Nf6 4. Nf3 O-O 5. e3 Re8 6. Be2 d5 7. O-O Bf8 8. c4 c5 9. cxd5 Nxd5 10. Nc3 Nc6 11.
Bg3 Nxc3 12. dxc3 Qf6 13. Qb3 b6 14. Rfd1 Be6 15. Qa4 Na5 16. Be5 Qg6 17. Bb5 Red8 18.
Bc7 Rxd1+ 19. Rxd1 Bg4 20. Ne5 Bxd1 21. Nxg6 Bxa4 0-1

[Event "*** Titled Tuesday Blitz AM"]
[Site "Chess.com"]
[Date "2020.01.07"]
[Round "2"]
[White "smshk35"]
[Black "TrimitziosP7"]
[Result "0-1"]
[WhiteElo "2342"]
[BlackElo "2722"]
[TimeControl "180+2"]
[EndTime "9:20:16 PST"]
[Termination "TrimitziosP7 won by resignation"]

1. e4 e5 2. Nf3 Nc6 3. d4 exd4 4. Nxd4 Nf6 5. Nxc6 bxc6 6. e5 Qe7 7. Qe2 Nd5 8.
c4 Ba6 9. b3 g6 10. Ba3 Qg5 11. h4 Qh6 12. Qd2 Qxd2+ 13. Kxd2 Bxa3 14. Nxa3 Nb6 15.
g3 O-O-O 16. c5 Bxf1 17. cxb6 Ba6 18. bxa7 Kb7 19. Kc3 d6 20. exd6 cxd6 21. Rad1 Kxa7 22. Rhe1 Rd7 23. Nc4 Rhd8 24. Rd4 c5 25. Rd2 d5 26. Ne5 Rc7 27. f4 d4+ 28. Kc2 c4 29. bxc4 Bxc4 30. Nxc4 Rxc4+ 31. Kb1 Rd7 32. Re4 f5 33.
Re6 d3 34. Re3 Rb7+ 35. Rb2 d2 36. Rxb7+ Kxb7 37. Rb3+ Kc6 38. Rd3 Rc1+ 39. Kb2 d1=Q 40. Rxd1 Rxd1 0-1

[Event "*** Titled Tuesday Blitz AM"]
[Site "Chess.com"]
[Date "2020.01.07"]
[Round "2"]
[White "hansen"]
[Black "econpower"]
[Result "1-0"]
[WhiteElo "2915"]
[BlackElo "2632"]
[TimeControl "180+2"]
[EndTime "9:20:19 PST"]
[Termination "hansen won by resignation"]

1. b4 g6 2. Bb2 Nf6 3. c4 Bg7 4.
Nf3 O-O 5. e3 d6 6. d4 c5 7. a3 a5 8. bxc5 dxc5 9. d5 e6 10. dxe6 Bxe6 11. Nbd2 a4 12. Be2 Nc6 13. O-O Bf5 14. h3 Qe7 15. Bc3 Rfd8 16. Qc1 Bd3 17. Bxd3 Rxd3 18. Rb1 Ne4 19. Nxe4 Qxe4 20. Bxg7 Kxg7 21.
Rxb7 Ne5 22. Qb2 Re8 23. Ng5 Rd2 24. Rxf7+ 1-0

[Event "*** Titled Tuesday Blitz AM"]
[Site "Chess.com"]
[Date "2020.01.07"]
[Round "2"]
[White "ohusbands"]
[Black "narutosmith"]
[Result "1-0"]
[WhiteElo "2516"]
[BlackElo "2250"]
[TimeControl "180+2"]
[EndTime "9:20:22 PST"]
[Termination "ohusbands won on time"]

1. e4 c5 2. Nf3 e6 3. d4 cxd4 4. Nxd4 a6 5. Nc3 Qc7 6. Bd3 Nf6 7. O-O Bc5 8. Nb3 Be7 9. Qe2 d6 10. f4 Nbd7 11. Bd2 O-O 12. Rae1 e5 13. Nd5 Nxd5 14. exd5 Bf6 15. Qe4 g6 16. fxe5 Bxe5 17. Bh6 Re8 18. Qf3 Nf6 19. Rxe5 1-0

[Event "*** Titled Tuesday Blitz AM"]
[Site "Chess.com"]
[Date "2020.01.07"]
[Round "2"]
[White "Annawel"]
[Black "SergeyShtyka"]
[Result "1-0"]
[WhiteElo "2995"]
[BlackElo "2084"]
[TimeControl "180+2"]
[EndTime "9:20:26 PST"]
[Termination "Annawel won by resignation"]

1. f4 d5 2. Nf3 Nf6 3. g3 g6 4. Bg2 Bg7 5. O-O O-O 6. d3 c5 7.
c3 Nc6 8. Na3 b6 9. Qa4 Bb7 10.
e4 dxe4 11. dxe4 e5 12. f5 a6 13. Bg5 b5 14. Qc2 Qb6 15. Rad1 c4+ 16. Kh1 Ng4 17. Qe2 f6 18. Bc1 Rad8 19. Rxd8 Rxd8 20. fxg6 hxg6 21. Nh4 Bc8 22. h3 Nh6 23. Nxg6 Nf7 24. Qh5 a5 25.
Nc2 b4 26. Ne3 bxc3 27. bxc3 Qc5 28. Nd5 Be6 29. Be3 Qa3 30. Nxf6+ Bxf6 31. Rxf6 Rd6 32. Nh4 Kf8 33. Bh6+ Ke7 34. Bg5 Ke8 35. Nf5 Bxf5 36.
Qxf7+ Kd8 37. Rxd6+ 1-0

[Event "*** Titled Tuesday Blitz AM"]
[Site "Chess.com"]
[Date "2020.01.07"]
[Round "2"]
[White "Yaacovn"]
[Black "viktorskliarov"]
[Result "0-1"]
[WhiteElo "2822"]
[BlackElo "2603"]
[TimeControl "180+2"]
[EndTime "9:20:29 PST"]
[Termination "viktorskliarov won by resignation"]

1. d4 Nf6 2. Nf3 g6 3. e3 Bg7 4.
Be2 O-O 5. O-O d6 6. b3 c5 7.
Bb2 b6 8. c4 cxd4 9. Nxd4 Bb7 10.
Nc3 Nbd7 11. Rc1 Rc8 12. Qd2 a6 13. Rfd1 Qc7 14. h3 Qb8 15. Bf1 Ne4 16. Nxe4 Bxe4 17.
Ne2 Bxb2 18. Qxb2 Nf6 19. Nf4 Rfd8 20. Be2 b5 21. Qd2 bxc4 22. Rxc4 Rxc4 23. Bxc4 Qb6 24.
Rc1 Kg7 25. Qb2 e5 26. Ne2 d5 27. Qxe5 dxc4 28. Rxc4 Bd3 29. Rd4 Bxe2 30. g4 Rxd4 31. exd4 Qe6 32. Qf4 Nd5 33. Qd2 Bf3 34. Kh2 Qd6+ 35. Kg1 h5 36. Qd3 hxg4 37. hxg4 Qf4 38. Kf1 0-1

[Event "*** Titled Tuesday Blitz AM"]
[Site "Chess.com"]
[Date "2020.01.07"]
[Round "2"]
[White "Anna_ChessMate"]
[Black "Aggressus"]
[Result "1-0"]
[WhiteElo "2586"]
[BlackElo "2331"]
[TimeControl "180+2"]
[EndTime "9:20:29 PST"]
[Termination "Anna_ChessMate won by resignation"]

1. e4 c5 2. Nf3 Nc6 3. c3 d5 4.
exd5 Qxd5 5. d4 Bg4 6. Be2 cxd4 7. cxd4 e6 8. Nc3 Qa5 9. O-O Nf6 10. Be3 Bd6 11.
h3 Bh5 12. Ne5 Bxe5 13. Bxh5 Bb8 14. Bf3 O-O 15. g3 Re8 16. h4 h6 17. a3 Qb6 18. d5 Qxb2 19. dxc6 Qxc3 20. cxb7 Bxg3 21. bxa8=Q Rxa8 22. Bxa8 Be5 23. Rc1 Qxa3 24. Bg2 Qb4 25. Rc8+ Kh7 26. Qb1+ 1-0

[Event "*** Titled Tuesday Blitz AM"]
[Site "Chess.com"]
[Date "2020.01.07"]
[Round "2"]
[White "peteseeger"]
[Black "Gahan-MG"]
[Result "0-1"]
[WhiteElo "2167"]
[BlackElo "2467"]
[TimeControl "180+2"]
[EndTime "9:20:31 PST"]
[Termination "Gahan-MG won by resignation"]

1. e4 c5 2. Nf3 e6 3. b4 cxb4 4. a3 Nc6 5. d4 d5 6. e5 Qb6 7.
axb4 Bxb4+ 8. c3 Be7 9. Bd3 g6 10.
O-O h5 11. Ba3 Bxa3 12. Nxa3 Nge7 13. Nb5 Nf5 14. Ng5 a6 15. Qf3 Nd8 16. Rfb1 Qc6 17.
Bxf5 exf5 18. Nd6+ Kf8 19. c4 dxc4 20. d5 Qc7 21.
Rc1 b5 22. Nxb5 Qxe5 23. Rxc4 Qxa1+ 0-1